 Dungeon Crawl Stone Soup version 0.21.1-1-g345015f (webtiles) character file.

112 kae the Insei (level 4, 0/29 HPs)
             Began as an Octopode Transmuter on May 26, 2018.
             Was a Follower of Cheibriados.
             Slain by an orc wizard
             ... wielding a +0 dagger
              (4 damage)
             ... on level 2 of the Dungeon.
             The game lasted 00:02:12 (2421 turns).

kae the Insei (Octopode Transmuter)                 Turns: 2421, Time: 00:02:12

Health: 0/29       AC:  1    Str: 12    XL:     4   Next: 95%
Magic:  16/16      EV: 14    Int: 18    God:    Cheibriados [*.....]
Gold:   84         SH:  0    Dex: 16    Spells: 6/7 levels left

rFire    . . .     SeeInvis .     - Unarmed
rCold    . . .     Gourm    .   (no shield)
rNeg     . . .     Faith    .   (helmet restricted)
rPois    .         Spirit   .   (no amulet)
rElec    .         Reflect  .   q - ring of magical power
rCorr    .         Harm     .   (no ring)
MR       .....                  (no ring)
Stlth    ++........             (no ring)
HPRegen  0.09/turn              (no ring)
MPRegen  0.15/turn              (no ring)
                                (no ring)
                                (no ring)

@: very slow
A: almost no armour, stealthy swim, amphibious, 8 rings, constrict 8, camouflage
1, gelatinous body 1
a: Bend Time, Renounce Religion


You were on level 2 of the Dungeon.
You worshipped Cheibriados.
Cheibriados was aware of your devotion.
You were not hungry.

You visited 1 branch of the dungeon, and saw 3 of its levels.

You collected 84 gold pieces.

Inventory:

Missiles
 a - 23 arrows
Jewellery
 q - a ring of magical power (left tentacle)
Scrolls
 e - a scroll of immolation {unknown}
 j - a scroll of amnesia {unknown}
 m - a scroll of enchant weapon {unknown}
 n - a scroll of teleportation {unknown}
 o - a scroll of fear {unknown}
Potions
 f - a potion of curing
 g - a potion of might
 i - a potion of ambrosia
 k - a potion of magic {unknown}
 l - a potion of heal wounds {unknown}
Books
 b - a book of Changes

   Spells                             Type                      Level
   a - Beastly Appendage              Transmutation                1
   b - Sticks to Snakes               Transmutation                2
   c - Spider Form                    Transmutation/Poison         3
   d - Ice Form                       Ice/Transmutation            4
   e - Blade Hands                    Transmutation                5
Comestibles
 c - 5 rations
 d - a chunk of flesh


   Skills:
 + Level 1.7 Fighting
 + Level 2.5 Dodging
 * Level 3.8 Unarmed Combat
 + Level 2.4 Spellcasting
 * Level 3.2 Transmutations


You had 6 spell levels left.
You knew the following spells:

 Your Spells              Type           Power        Failure   Level  Hunger
a - Beastly Appendage     Tmut           ##....       4%          1    #......


Dungeon Overview and Level Annotations

Branches:
Dungeon (3/15)

Altars:
Cheibriados


Innate Abilities, Weirdness & Mutations

You cannot wear most types of armour.
You are very stealthy in the water. (Stealth+)
You are amphibious.
You can wear up to eight rings at the same time.
You can use your tentacles to constrict eight enemies at once.
Your skin changes colour to match your surroundings (Stealth+).
Your rubbery body absorbs attacks. (AC +1, EV +1)


Message History

Unknown command.
Unknown command.
The jackal barely misses you.
Your tentacle spike disappears.
You feel less confused. The jackal bites you. The jackal closely misses you.
You closely miss the jackal. You grab the jackal. You squeeze the jackal.
The jackal is moderately wounded.
You constrict the jackal, but do no damage.
Something hits you. The jackal bites you.
* * * LOW HITPOINT WARNING * * *
You tentacle-slap the jackal.
You kill the jackal!
Cheibriados thoroughly appreciates the change of pace.
You hear some strange, mumbled words.
Something tries to affect you, but you resist.
You barely miss something. Something hits you but does no damage.
You tentacle-slap something. Something hits you.
* * * LOW HITPOINT WARNING * * *
You miss something. Something hits you.
You die...

######### #.......#
#######
#.......####.....#
#......).........# ##
###..............†.#
#.
................@{.#
#.
......>##..........##
#)
.......##...........#
#.
........#...........#
#######.
..###...#...........#
#.......
..###...#...........#
#.######
.........#######..###
#.#..# .).......#
##.# #)#..#
....<....# #.##
#.#..#


There were no monsters in sight!

Vanquished Creatures
  5 adders
  2 gnolls (D:2)
  A worm (D:2)
  2 leopard geckos
  2 orcs (D:3)
  A giant cockroach (D:1)
  6 goblins
  4 hobgoblins
  A jackal (D:2)
  3 bats
  2 frilled lizards
  8 kobolds
  7 rats
44 creatures vanquished.

Notes
Turn   | Place    | Note
-------+----------+-------------------------------------------
     0 | D:1      | kae the Octopode Transmuter began the quest for the Orb.
     0 | D:1      | Reached XP level 1. HP: 13/13 MP: 3/3
   505 | D:1      | Reached XP level 2. HP: 15/18 MP: 3/5
  1184 | D:2      | Reached XP level 3. HP: 19/23 MP: 4/6
  1530 | D:2      | Found a snail-covered altar of Cheibriados.
  1541 | D:2      | Became a worshipper of Cheibriados the Contemplative
  1641 | D:2      | Reached XP level 4. HP: 17/28 MP: 5/7
  1902 | D:2      | Reached * piety under Cheibriados
  2421 | D:2      | Slain by an orc wizard

Skill      XL: |  1  2  3  4 |
---------------+-------------+-----
Transmutations | 3 |  3.2
Fighting       | |  1.7
Dodging        | |  2.5
Unarmed Combat | |  3.8
Spellcasting   | |  2.4

Action                   |  1- 3 |  4- 6 || total
-------------------------+-------+-------++-------
Melee: Unarmed           |    56 |    45 ||   101
       Constrict         |    15 |     9 ||    24
       Tentacles         |    13 |     5 ||    18
       Kick              |    11 |     7 ||    18
       Punch             |     1 |     1 ||     2
 Cast: Beastly Appendage |    15 |     7 ||    22
  Use: Potion            |     2 |       ||     2
       Scroll            |       |     4 ||     4
 Stab: Sleeping          |     4 |     3 ||     7
  Eat: Chunk             |     2 |     2 ||     4
Armor: Skin              |     6 |     3 ||     9
Dodge: Dodged            |    42 |    40 ||    82
